cohdb
Replays
Latest Replays
All Replays
Popular Replays
Top Player Replays
Match Explorer
How It Works
Community
CoH3 Stats
Reddit
Sign in to upload your games and track your stats! →
Sign in with Steam
Match 46069320
Unlisted
Match 46069320
Overview
Messages
Build Orders
End
Kettenkrad Recon Vehicle
Selects Italian Coastal Battlegroup
Selects Coastal Reserves
Coastal Reserve
Coastal Reserve
Coastal Reserve
Construct Infanterie Kompanie
MG 42 Machine Gun Team
Infanterie Officer Quarters
Construct Luftwaffe Kompanie
Medical Bunker
Selects Support Bunkers
Jäger Squad
Flak 30 Anti-aircraft Gun Team
Selects Rapid Fortifications
Rapid Fortifications
Selects Bulwark
MG 42 Bunker
Construct Panzer Kompanie
Rapid Fortifications
MG 42 Bunker
Selects Artillery Officer
MG 42 Bunker
Panzer IV Medium Tank
Rapid Fortifications
Anti-tank Bunker
Selects Obice da 210/22 Artillery Emplacement
Rapid Fortifications
Panzer IV Medium Tank
MG 42 Bunker
MasterStef
a_rotator
0
0
Comments
sign in to comment!
No comments posted yet!